 Dungeon Crawl Stone Soup version 0.21.1-1-g345015fe64 (webtiles) character file.

377104 Ivernyr the Omniscient (level 22, -8/173 HPs)
             Began as a Gnoll Arcane Marksman on Mar 28, 2018.
             Was the Champion of Ashenzari.
             Killed from afar by a shadow dragon (52 damage)
             ... with a bolt of negative energy
             ... on level 5 of the Vaults on Mar 31, 2018.
             The game lasted 12:00:18 (70601 turns).

Ivernyr the Omniscient (Gnoll Arcane Marksman)     Turns: 70601, Time: 12:00:19

Health: -8/173     AC: 31    Str: 17    XL:     22   Next: 80%
Magic:  16/40      EV: 31    Int: 21    God:    Ashenzari [******]
Gold:   1952       SH: 13    Dex: 32    Spells: 2/50 levels left

rFire    . . .     SeeInvis +   v - +11 dagger (protect) (curse)
rCold    . . .     Gourm    +   a - +3 buckler {AC+3} (curse)
rNeg     . . .     Faith    .   x - +5 robe of Idiq {Dex+6} (curse)
rPois    +         Spirit   .   H - +2 hat {Int+3} (curse)
rElec    +         Reflect  .   B - +0 cloak
rCorr    .         Harm     .   X - +2 pair of gloves {Str+3} (curse)
MR       ++...     Clarity  +   k - +1 pair of boots {Stlth+} (curse)
Stlth    +++++++++.             K - amulet "Hown" {Gourm rElec rPois Str+2} (curse)
HPRegen  0.38/turn              r - ring of protection from magic (curse)
MPRegen  0.27/turn              C - ring of stealth (curse)

@: icy armour, darkness, heavily drained, slow
A: distributed training, fangs 1, agile 1, strong nose
}: 2/15 runes: barnacled, gossamer
a: Curse Item, Scrying, Renounce Religion


You were on level 5 of the Vaults.
You worshipped Ashenzari.
Ashenzari was exalted by your worship.
You were very full.

You visited 9 branches of the dungeon, and saw 40 of its levels.
You visited the Abyss 1 time.

You collected 4165 gold pieces.
You spent 2213 gold pieces at shops.

Inventory:

Hand Weapons
 v - a cursed +11 dagger of protection (weapon)
Missiles
 q - 63 javelins (quivered)
 y - 16 silver javelins
 E - 67 tomahawks
 V - 17 javelins of returning
Armour
 a - a cursed +3 buckler of protection (worn)
 k - a cursed +1 pair of boots of stealth (worn)
 x - the cursed +5 robe of Idiq (worn) {Dex+6}
   (You found it on level 4 of the Dungeon)

   It affects your dexterity (+6).
   It has a curse placed upon it.
 B - a +0 cloak (worn)
 H - a cursed +2 hat of intelligence (worn)
 X - a cursed +2 pair of gloves of strength (worn)
Jewellery
 e - an uncursed ring of protection from cold
 m - the cursed amulet "Cyrch" {Gourm MR++ Dex+3}
   (You acquired it on level 1 of the Elven Halls)

   [amulet of the gourmand]

   It allows you to eat raw meat even when not hungry.
   It affects your dexterity (+3).
   It affects your resistance to hostile enchantments.
   It has a curse placed upon it.
 r - a cursed ring of protection from magic (left hand)
 u - the cursed ring of Jealousy {Wiz +Fly MP+9 Str+2}
   (You acquired it on level 2 of the Elven Halls)

   [ring of wizardry]

   It improves your spell success rate.
   It affects your strength (+2).
   It affects your magic capacity (+9).
   It lets you fly.
   It has a curse placed upon it.
 C - a cursed ring of stealth (right hand)
 K - the cursed amulet "Hown" (around neck) {Gourm rElec rPois Str+2}
   (You found it on level 7 of the Dungeon)

   [amulet of the gourmand]

   It allows you to eat raw meat even when not hungry.
   It affects your strength (+2).
   It insulates you from electricity.
   It protects you from poison.
   It has a curse placed upon it.
Wands
 c - a wand of enslavement (14)
 d - a wand of acid (15)
 o - a wand of digging (33)
 D - a wand of flame (161)
 I - a wand of iceblast (42)
 M - a wand of scattershot (2)
 N - a wand of paralysis (57)
 T - a wand of disintegration (48)
Scrolls
 j - 7 scrolls of fog
 n - 11 scrolls of fear
 t - a scroll of teleportation
 z - a scroll of enchant weapon
 G - 6 scrolls of identify
 L - 5 scrolls of amnesia
 U - 4 scrolls of summoning
 Z - 10 scrolls of remove curse
Potions
 b - 2 potions of haste
 g - 8 potions of mutation
 h - 6 potions of magic
 p - 8 potions of curing
 w - a potion of resistance
 A - 5 potions of brilliance
 F - a potion of cancellation
 J - a potion of invisibility
 P - 2 potions of agility
 Q - 4 potions of ambrosia
 Y - 6 potions of might
Miscellaneous
 s - a phial of floods
 S - a lamp of fire
 W - a phantom mirror
Comestibles
 f - 63 rations


   Skills:
 + Level 14.7(12.4) Fighting
 + Level 14.5(16.0) Short Blades
 + Level 14.5(12.2) Long Blades
 + Level 14.5(12.2) Axes
 + Level 14.5(12.2) Maces & Flails
 + Level 14.5(12.2) Polearms
 + Level 14.5(12.2) Staves
 + Level 14.5(12.2) Slings
 + Level 14.5(12.2) Bows
 + Level 14.5(12.2) Crossbows
 + Level 15.1(12.7) Throwing
 + Level 14.5(12.2) Armour
 + Level 15.1 Dodging
 + Level 14.5(14.6) Stealth
 + Level 14.5(14.6) Shields
 + Level 14.5(12.2) Unarmed Combat
 + Level 14.8(12.4) Spellcasting
 + Level 12.5(14.2) Conjurations
 + Level 13.5(15.0) Hexes
 + Level 12.5(14.2) Charms
 + Level 12.5(14.2) Summonings
 + Level 12.5(14.2) Necromancy
 + Level 12.5(14.2) Translocations
 + Level 12.5(14.2) Transmutations
 + Level 12.5(14.2) Fire Magic
 + Level 12.5(14.2) Ice Magic
 + Level 12.5(14.2) Air Magic
 + Level 12.5(14.2) Earth Magic
 + Level 12.5(14.2) Poison Magic
 + Level 15.7(13.3) Invocations
 + Level 14.5(16.0) Evocations


You had 2 spell levels left.
You knew the following spells:

 Your Spells              Type           Power        Failure   Level  Hunger
a - Corona                Hex            ######.      0%          1    None
b - Portal Projectile     Hex/Tloc       ######       1%          3    None
c - Cause Fear            Hex            ######....   1%          4    None
d - Ensorcelled Hibernat  Hex/Ice        ######       1%          2    None
e - Tukima's Dance        Hex            ######..     1%          3    None
f - Ozocubu's Armour      Chrm/Ice       ######..     1%          3    None
g - Mephitic Cloud        Conj/Pois/Air  ######..     1%          3    None
h - Dispel Undead         Necr           ######..     1%          5    ####...
i - Passwall              Tmut/Erth      ######....   1%          2    None
j - Petrify               Tmut/Erth      ######..     1%          4    None
k - Agony                 Necr           ######..     1%          5    ####...
l - Blink                 Tloc           N/A          1%          2    None
m - Silence               Hex/Air        ######....   1%          5    ####...
n - Darkness              Hex            ######....   1%          6    #####..


Dungeon Overview and Level Annotations

Branches:
Dungeon (15/15)            Temple (1/1) D:5            Lair (6/6) D:10
 Shoals (4/4) Lair:3       Spider (4/4) Lair:4        Slime (0/5) Lair:5
    Orc (2/2) D:11            Elf (2/3) Orc:2        Vaults (5/5) D:14
  Crypt (0/3) Vaults:3     Depths (1/5) D:15

Altars:
Ashenzari
Dithmenos
Elyvilon
Fedhas
Gozag
Hepliaklqana
Kikubaaqudgha
Makhleb
Nemelex Xobeh
Okawaru
Qazlal
Ru
Sif Muna
Trog
Uskayaw
Vehumet
Xom
Yredelemnul
The Shining One
Beogh
Jiyva

Shops:
D:6 *   D:9 *   D:12 [   Orc:1 !   Orc:2 [![[   Elf:2 !   Vaults:1 *
Vaults:4 [

Annotations:
D:6 2 transporters
Lair:2 exclusion: 4 oklob plants
Shoals:3 Mara
Elf:2 exclusion: Roxanne, Roxanne
Vaults:1 1 exclusion


Innate Abilities, Weirdness & Mutations

Your experience applies equally to all skills.
You have very sharp teeth.
Your uncanny sense of smell can sniff out nearby items.
You are agile. (Dex +2)


Message History

Your deep troll dies!
The +0 troll leather armour is intact enough to wear.
Casting: Blink
Confirm with . or Enter, or press ? or * to list all spells.
It gets dark.
The vault guard shouts!
Aiming: Enslavement
Press: ? - help, Shift-Dir - straight line, f - vault guard
Aim: a vault guard, wielding an enchanted war axe and wearing a plate armour (chance to defeat MR: 50%)
The vault guard resists with some effort.
Aiming: Enslavement
Press: ? - help, Shift-Dir - straight line, f/p - vault guard
Aim: a vault guard, wielding an enchanted war axe and wearing a plate armour (chance to defeat MR: 50%)
The vault guard resists with some effort.
Casting: Darkness
Confirm with . or Enter, or press ? or * to list all spells.
You blink.
The shadow dragon breathes negative energy at you.
The bolt of negative energy hits you!
You feel drained.
You die...

#####################
........)..!.p......#
........))..§D......#
################@...#
)..)....[...........#
.p.).............#..#
############..#..#..#
.,,, ,, ,.....#..#,.#
. , ,{.......#..#,.#
# * **##..#..#..# ,#
,,,,,,,....#..#..# .,
,, .....#..#..# ∆


You could see a shadow dragon and a vault guard.

Vanquished Creatures
  Jorgrun (Elf:2)
  2 tentacled monstrosities
  Asterion (Elf:2)
  3 titans
  A deep elf blademaster (Elf:2)
  3 liches
  Gastronok (Lair:3)
  Polyphemus (Shoals:2)
  Agnes (Spider:3)
  The ghost of Schimscham the Fighter, an adept GnWn of Okawaru (Spider:3)
  Frances (D:14)
  Kirke (D:13)
  3 sphinxes
  2 shadow dragons
  2 storm dragons
  The ghost of Oravi the Peltast, an adept HaFi of Okawaru (Spider:2)
  Ilsuiw (Shoals:4)
  A fire giant (Vaults:4)
  An iron dragon (Vaults:5)
  A deep elf sorcerer (Vaults:3)
  13 vault wardens
  A ghost moth (shapeshifter) (Vaults:4)
  7 emperor scorpions
  A frost giant (Vaults:4)
  5 ghost moths
  6 very ugly things
  A war gargoyle (Vaults:3)
  9 ironheart preservers
  7 entropy weavers
  10 stone giants
  Azrael (D:13)
  3 deep elf demonologists (Elf:2)
  A deep elf annihilator (Vaults:5)
  A spark wasp (Spider:3)
  9 merfolk impalers
  6 merfolk javelineers
  5 ettins
  A ragged hierophant (Vaults:4)
  2 deep elf death magi
  A deep elf high priest (Vaults:5)
  3 fire dragons
  A great orb of eyes (shapeshifter) (Vaults:4)
  11 yaktaur captains
  2 rakshasas
  12 hydras
  8 ice dragons
  2 merfolk avatars (Shoals:4)
  16 vault guards
  9 centaur warriors
  41 two-headed ogres
  7 merfolk aquamancers
  2 catoblepae
  4 satyrs
  A death knight (D:13)
  16 ogre magi
  3 deep troll earth magi
  5 orc high priests (Orc:2)
  4 death yaks (Shoals:1)
  A shock serpent (shapeshifter) (Vaults:4)
  A fire crab (Lair:6)
  Sonja (D:13)
  14 deep elf knights
  4 skeletal warriors (Vaults:2)
  3 shadow wraiths
  A storm dragon skeleton (Vaults:4)
  8 deep trolls
  5 unseen horrors
  3 wizards
  14 sea snakes
  7 deep elf archers
  A flayed ghost (Vaults:5)
  15 ironbrand convokers
  2 phantasmal warriors
  Pikel (D:6)
  A shadow dragon zombie (Vaults:4)
  A necromancer (Vaults:4)
  18 harpies
  21 orb spiders
  30 wolf spiders
  20 orc knights
  42 ugly things
  36 deep elf magi
  20 fauns
  A salamander (shapeshifter) (Vaults:5)
  18 manticores
  A moth of wrath (Spider:1)
  6 black mambas
  15 elephants
  3 cyclopes
  14 vault sentinels
  An eye of devastation (shapeshifter) (D:14)
  Joseph (D:9)
  5 water nymphs
  13 merfolk sirens
  3 molten gargoyles
  A black mamba (shapeshifter) (Vaults:1)
  A gargoyle (D:14)
  A torpor snail (shapeshifter) (Vaults:2)
  12 spiny frogs
  3 centaur zombies
  A guardian serpent (shapeshifter) (Vaults:3)
  A spiny frog (shapeshifter) (Vaults:2)
  2 efreet
  4 rime drakes
  A kobold demonologist (D:12)
  47 yaktaurs
  12 demonic crawlers
  12 freezing wraiths
  6 komodo dragons
  8 trolls
  A queen bee (Orc:2)
  33 jumping spiders
  3 tengu conjurers (D:14)
  6 meliai
  27 merfolk
  Prince Ribbit (D:5)
  6 wind drakes
  17 hornets
  18 slime creatures
  10 hippogriffs
  2 saltlings (Vaults:4)
  7 blink frogs (Lair:6)
  2 snapping turtles (shapeshifter)
  8 snapping turtles
  A sphinx simulacrum (Vaults:2)
  4 dream sheep
  A frost giant simulacrum (Vaults:2)
  15 dancing weapons
  A human simulacrum (Vaults:2)
  7 water elementals
  An ettin zombie (Vaults:4)
  82 redbacks
  3 spriggans (shapeshifter)
  2 centaur simulacra
  An air elemental (Elf:1)
  5 wyverns
  2 vampires
  3 shadows
  34 tarantellas
  A wraith (D:14)
  Grum (D:10)
  7 fire elementals
  20 yaks
  2 steam dragons (Lair:6)
  A human (shapeshifter) (D:14)
  A hungry ghost (D:8)
  13 basilisks
  4 wargs
  6 vampire mosquitoes
  2 acid dragons
  A soldier ant (D:9)
  6 hell hounds
  15 water moccasins
  41 orc warriors
  4 sky beasts
  A hornet zombie (D:6)
  6 porcupines
  2 slaves (D:6)
  5 boggarts (Vaults:2)
  A black bear (shapeshifter) (D:14)
  10 ice beasts
  36 ogres
  17 crocodiles
  2 phantoms (D:8)
  9 wolves
  26 centaurs
  A big kobold (D:8)
  18 bullfrogs
  2 human skeletons (Vaults:4)
  3 earth elementals
  A glowing shapeshifter simulacrum (Vaults:2)
  2 scorpions
  22 killer bees
  5 wights
  2 electric eels
  3 crimson imps
  2 bullfrog zombies
  2 quasits
  4 lava snakes
  36 orc priests
  2 jellies
  33 orc wizards
  4 hounds
  Crazy Yiuf (D:5)
  Jessica (D:2)
  3 bullfrog skeletons
  7 iguanas
  Terence (D:2)
  4 centaur skeletons
  6 worker ants
  3 gnolls (D:3)
  13 adders
  5 shadow imps
  3 adder zombies
  An ooze (D:4)
  2 adder skeletons
  3 worms
  4 dart slugs
  7 leopard geckos
  98 orcs
  3 ball pythons
  7 bats
  10 giant cockroaches
  5 goblins
  6 hobgoblins
  6 jackals
  2 quokkas (D:2)
  9 frilled lizards
  3 kobolds (D:1)
  11 rats
1638 creatures vanquished.

Vanquished Creatures (collateral kills)
  A two-headed ogre (D:10)
1 creature vanquished.

Vanquished Creatures (others)
  A deep elf high priest (Vaults:5)
  A vault guard (Vaults:5)
  A deep troll (Vaults:5)
  A harpy (Shoals:2)
  An orb spider (Spider:4)
  A deep elf mage (Vaults:2)
  A jumping spider (Spider:1)
  2 redbacks
  A human (D:13)
  A dancing weapon (D:10)
  A vampire mosquito (D:13)
  2 ogres
  A centaur (Vaults:4)
  A shadow imp (D:13)
  2 orcs (D:6)
  6 fungi
  34 plants
  9 tentacles (Shoals:2)
67 creatures vanquished.

Grand Total: 1706 creatures vanquished

Notes
Turn   | Place    | Note
-------+----------+-------------------------------------------
     0 | D:1      | Ivernyr the Gnoll Arcane Marksman began the quest for the Orb.
     0 | D:1      | Reached XP level 1. HP: 17/17 MP: 4/4
   322 | D:1      | Reached XP level 2. HP: 23/23 MP: 5/5
   841 | D:1      | Reached XP level 3. HP: 28/28 MP: 7/7
   981 | D:2      | Learned a level 3 spell: Portal Projectile
  1017 | D:2      | Found a shimmering altar of Xom.
  1207 | D:2      | Found a radiant altar of Vehumet.
  1261 | D:2      | Reached skill level 1 in Invocations
  1368 | D:2      | Noticed Terence
  1385 | D:2      | Killed Terence
  1385 | D:2      | Reached skill level 1 in Short Blades
  1385 | D:2      | Reached skill level 1 in Long Blades
  1385 | D:2      | Reached skill level 1 in Axes
  1385 | D:2      | Reached skill level 1 in Maces & Flails
  1385 | D:2      | Reached skill level 1 in Polearms
  1385 | D:2      | Reached skill level 1 in Staves
  1385 | D:2      | Reached skill level 1 in Slings
  1385 | D:2      | Reached skill level 1 in Bows
  1385 | D:2      | Reached skill level 1 in Crossbows
  1385 | D:2      | Reached skill level 1 in Armour
  1385 | D:2      | Reached skill level 1 in Stealth
  1385 | D:2      | Reached skill level 1 in Shields
  1385 | D:2      | Reached skill level 1 in Unarmed Combat
  1385 | D:2      | Reached skill level 1 in Evocations
  1385 | D:2      | Reached XP level 4. HP: 13/34 MP: 8/8
  1996 | D:2      | Noticed Jessica
  2006 | D:2      | Killed Jessica
  2006 | D:2      | Reached skill level 1 in Conjurations
  2006 | D:2      | Reached skill level 1 in Charms
  2006 | D:2      | Reached skill level 1 in Summonings
  2006 | D:2      | Reached skill level 1 in Necromancy
  2006 | D:2      | Reached skill level 1 in Translocations
  2006 | D:2      | Reached skill level 1 in Transmutations
  2006 | D:2      | Reached skill level 1 in Fire Magic
  2006 | D:2      | Reached skill level 1 in Ice Magic
  2006 | D:2      | Reached skill level 1 in Air Magic
  2006 | D:2      | Reached skill level 1 in Earth Magic
  2006 | D:2      | Reached skill level 1 in Poison Magic
  2041 | D:2      | Reached XP level 5. HP: 29/40 MP: 6/9
  2986 | D:3      | Reached XP level 6. HP: 28/47 MP: 4/10
  4309 | D:4      | Reached skill level 5 in Throwing
  4309 | D:4      | Reached skill level 5 in Dodging
  4468 | D:4      | Got a heavy robe
  4479 | D:4      | Identified the +5 robe of Idiq {Dex+6} (You found it on level 4 of the Dungeon)
  4730 | D:4      | Reached XP level 7. HP: 52/52 MP: 12/12
  5552 | D:5      | Entered Level 5 of the Dungeon
  5786 | D:5      | Noticed Prince Ribbit
  5810 | D:5      | Killed Prince Ribbit
  6056 | D:5      | Reached XP level 8. HP: 57/60 MP: 12/14
  6456 | D:5      | Found a staircase to the Ecumenical Temple.
  6555 | D:5      | Found a runed door.
  6559 | D:5      | Noticed Crazy Yiuf
  6582 | D:5      | Killed Crazy Yiuf
  7116 | D:5      | Learned a level 4 spell: Cause Fear
  7320 | D:6      | Found a transporter.
  7392 | D:6      | Found a sparkling altar of Nemelex Xobeh.
  7779 | D:6      | Noticed Pikel
  7821 | D:6      | Killed Pikel
  7821 | D:6      | Reached XP level 9. HP: 66/66 MP: 14/16
  7830 | D:6      | Found Waefu's Assorted Antiques.
  7842 | D:6      | Bought a scroll labeled VUCUBO XITTEOST for 26 gold pieces
  7842 | D:6      | Bought a scroll labeled FERHUASHOKIU for 26 gold pieces
  7842 | D:6      | Bought 2 silvery potions for 46 gold pieces
  7842 | D:6      | Bought a scroll labeled FERHUASHOKIU for 26 gold pieces
  7842 | D:6      | Bought a scroll labeled FERHUASHOKIU for 26 gold pieces
  8165 | Temple   | Entered the Ecumenical Temple
  8173 | Temple   | Became a worshipper of Ashenzari the Shackled
  8224 | D:6      | Reached skill level 5 in Spellcasting
  8404 | D:6      | Found a transporter.
  8837 | D:7      | Reached skill level 5 in Fighting
  9716 | D:7      | Identified the amulet "Hown" {Gourm rElec rPois Str+2}
  9870 | D:8      | Reached skill level 5 in Invocations
 10368 | D:8      | Reached XP level 10. HP: 74/74 MP: 18/18
 10799 | D:8      | Reached * piety under Ashenzari
 11401 | D:9      | Noticed Joseph
 11686 | D:8      | Reached skill level 5 in Short Blades
 11686 | D:8      | Reached skill level 5 in Long Blades
 11686 | D:8      | Reached skill level 5 in Axes
 11686 | D:8      | Reached skill level 5 in Maces & Flails
 11686 | D:8      | Reached skill level 5 in Polearms
 11686 | D:8      | Reached skill level 5 in Staves
 11686 | D:8      | Reached skill level 5 in Slings
 11686 | D:8      | Reached skill level 5 in Bows
 11686 | D:8      | Reached skill level 5 in Crossbows
 11686 | D:8      | Reached skill level 5 in Armour
 11686 | D:8      | Reached skill level 5 in Stealth
 11686 | D:8      | Reached skill level 5 in Shields
 11686 | D:8      | Reached skill level 5 in Unarmed Combat
 11686 | D:8      | Reached skill level 5 in Evocations
 11849 | D:9      | HP: 1/76 [Joseph/uncursed quarterstaff of protection (13)]
 12674 | D:9      | Killed Joseph
 13062 | D:9      | Found a hazy altar of Hepliaklqana.
 13072 | D:9      | Found Umnoxutu's Assorted Antiques.
 13086 | D:9      | Learned a level 2 spell: Ensorcelled Hibernation
 13090 | D:9      | Learned a level 3 spell: Tukima's Dance
 13123 | D:10     | Entered Level 10 of the Dungeon
 13131 | D:10     | Learned a level 3 spell: Ozocubu's Armour
 13167 | D:10     | Noticed a two-headed ogre
 13619 | D:10     | Killed a two-headed ogre
 14048 | D:10     | Reached XP level 11. HP: 82/82 MP: 20/20
 14080 | D:10     | Noticed Grum
 14091 | D:10     | Killed Grum
 14587 | D:10     | Killed an unseen horror
 14985 | D:10     | Found a staircase to the Lair.
 15288 | Lair:1   | Entered Level 1 of the Lair of Beasts
 15317 | Lair:1   | Learned a level 3 spell: Mephitic Cloud
 15391 | Lair:1   | Reached ** piety under Ashenzari
 15407 | Lair:1   | Reached skill level 5 in Conjurations
 15407 | Lair:1   | Reached skill level 5 in Charms
 15407 | Lair:1   | Reached skill level 5 in Summonings
 15407 | Lair:1   | Reached skill level 5 in Necromancy
 15407 | Lair:1   | Reached skill level 5 in Translocations
 15407 | Lair:1   | Reached skill level 5 in Transmutations
 15407 | Lair:1   | Reached skill level 5 in Fire Magic
 15407 | Lair:1   | Reached skill level 5 in Ice Magic
 15407 | Lair:1   | Reached skill level 5 in Air Magic
 15407 | Lair:1   | Reached skill level 5 in Earth Magic
 15407 | Lair:1   | Reached skill level 5 in Poison Magic
 16510 | Lair:2   | Noticed a four-headed hydra
 16705 | Lair:2   | Noticed an oklob plant
 17385 | Lair:2   | Killed a four-headed hydra
 17692 | Lair:2   | Noticed an oklob plant
 17723 | Lair:2   | Noticed an oklob plant
 17724 | Lair:2   | Noticed an oklob plant
 17770 | Lair:3   | Found a staircase to the Shoals.
 18356 | Lair:3   | Reached *** piety under Ashenzari
 18383 | Lair:3   | Noticed Gastronok
 18400 | Lair:3   | Reached XP level 12. HP: 65/91 MP: 18/23
 18416 | Lair:3   | Killed Gastronok
 18942 | Lair:3   | Noticed an eight-headed hydra
 19002 | Lair:3   | Killed an eight-headed hydra
 19398 | Lair:3   | Noticed a five-headed hydra
 20136 | Lair:3   | Killed a five-headed hydra
 21285 | Lair:4   | Found a hole to the Spider Nest.
 21440 | Lair:4   | Reached XP level 13. HP: 98/98 MP: 25/25
 21518 | Lair:4   | Reached **** piety under Ashenzari
 21711 | Lair:5   | Found a viscous altar of Jiyva.
 21711 | Lair:5   | Found a staircase to the Slime Pits.
 22786 | Lair:6   | Entered Level 6 of the Lair of Beasts
 24955 | Lair:6   | Reached XP level 14. HP: 89/108 MP: 11/27
 25331 | Lair:6   | Found a large runed door.
 25332 | Lair:6   | Found a large runed door.
 25986 | D:11     | Found a staircase to the Orcish Mines.
 26102 | D:11     | Reached skill level 10 in Throwing
 26102 | D:11     | Reached skill level 10 in Dodging
 26131 | D:11     | Reached ***** piety under Ashenzari
 26708 | D:11     | Identified a scroll of acquirement
 26724 | D:11     | Learned a level 5 spell: Dispel Undead
 27134 | D:12     | Learned a level 2 spell: Passwall
 27139 | D:12     | Learned a level 4 spell: Petrify
 27157 | D:12     | Found Wioxzoso's Antique Armour Shoppe.
 28015 | D:12     | Noticed a sphinx
 28017 | D:12     | Killed a sphinx
 28018 | D:12     | Reached skill level 10 in Invocations
 28026 | D:12     | Identified the Grimoire of the Thoughtful Tales
 28213 | D:13     | Noticed Kirke
 28302 | D:13     | Killed Kirke
 28560 | D:13     | Noticed Azrael
 28611 | D:13     | Killed Azrael
 29918 | D:13     | Noticed Sonja
 29920 | D:13     | Killed Sonja
 30585 | D:14     | Reached XP level 15. HP: 70/115 MP: 11/28
 30783 | D:14     | Noticed Frances
 31235 | D:14     | Reached skill level 10 in Spellcasting
 31634 | D:14     | Reached skill level 10 in Fighting
 31769 | D:14     | Found a gate to the Vaults.
 32935 | D:15     | Entered Level 15 of the Dungeon
 33642 | D:15     | Reached skill level 10 in Hexes
 34175 | D:15     | Reached skill level 10 in Short Blades
 34175 | D:15     | Reached skill level 10 in Long Blades
 34175 | D:15     | Reached skill level 10 in Axes
 34175 | D:15     | Reached skill level 10 in Maces & Flails
 34175 | D:15     | Reached skill level 10 in Polearms
 34175 | D:15     | Reached skill level 10 in Staves
 34175 | D:15     | Reached skill level 10 in Slings
 34175 | D:15     | Reached skill level 10 in Bows
 34175 | D:15     | Reached skill level 10 in Crossbows
 34175 | D:15     | Reached skill level 10 in Armour
 34175 | D:15     | Reached skill level 10 in Stealth
 34175 | D:15     | Reached skill level 10 in Shields
 34175 | D:15     | Reached skill level 10 in Unarmed Combat
 34175 | D:15     | Reached skill level 10 in Evocations
 34208 | D:15     | Found a staircase to the Depths.
 35315 | Orc:1    | Entered Level 1 of the Orcish Mines
 35411 | Orc:2    | Entered Level 2 of the Orcish Mines
 35548 | Orc:2    | Found a staircase to the Elven Halls.
 37441 | Orc:2    | Gained mutation: You are agile. (Dex +2) [a neqoxec]
 37560 | Orc:2    | Reached XP level 16. HP: 99/124 MP: 20/30
 37662 | Orc:2    | Found Zal Witt's Armour Emporium.
 37662 | Orc:2    | Found Feanoum's Distillery.
 37663 | Orc:2    | Found Finau's Antique Armour Shoppe.
 37663 | Orc:2    | Found Jialeudd's Antique Armour Emporium.
 37682 | Orc:2    | Bought a pair of glowing gloves for 247 gold pieces
 37682 | Orc:2    | Bought a glowing buckler for 247 gold pieces
 37718 | Orc:2    | Bought a pair of glowing boots for 202 gold pieces
 38122 | Orc:1    | Found a roughly hewn altar of Beogh.
 38710 | Orc:1    | Found Poumad's Distillery.
 38733 | Orc:1    | Bought a potion of curing for 51 gold pieces
 38733 | Orc:1    | Bought a potion of heal wounds for 85 gold pieces
 38733 | Orc:1    | Bought a potion of heal wounds for 85 gold pieces
 38758 | Elf:1    | Entered Level 1 of the Elven Halls
 39151 | Elf:1    | Reached ****** piety under Ashenzari
 39238 | Elf:1    | Identified the cursed amulet "Cyrch" {Gourm MR++ Dex+3} (You acquired it on level 1 of the Elven Halls)
 40273 | Elf:2    | Found Fintu's Distillery.
 40291 | Elf:2    | Bought a potion of heal wounds for 80 gold pieces
 40291 | Elf:2    | Bought a potion of curing for 48 gold pieces
 40460 | Elf:2    | Noticed Roxanne
 40514 | Elf:2    | Noticed Jorgrun
 40671 | Elf:2    | Killed Jorgrun
 40969 | Elf:2    | Learned a level 5 spell: Agony
 40978 | Elf:2    | Learned a level 2 spell: Blink
 41155 | Elf:2    | Found a huge runed gate.
 41155 | Elf:2    | Found a huge runed gate.
 41155 | Elf:2    | Found a huge runed gate.
 41155 | Elf:2    | Found a huge runed gate.
 41157 | Elf:2    | Found a huge runed gate.
 41189 | Elf:2    | Identified the cursed ring of Jealousy {Wiz +Fly MP+9 Str+2} (You acquired it on level 2 of the Elven Halls)
 41534 | Elf:2    | Noticed Asterion
 41556 | Elf:2    | Noticed a deep elf blademaster
 41886 | Elf:2    | Killed Asterion
 43021 | Elf:2    | Killed a deep elf blademaster
 43924 | Spider:1 | Entered Level 1 of the Spider Nest
 43976 | Spider:1 | Reached XP level 17. HP: 131/131 MP: 22/32
 44279 | Spider:1 | Identified the +7 chain mail of Zynnud {-Tele rCorr Dex+7}
 45338 | Spider:2 | Noticed Oravi's ghost (adept HaFi)
 45345 | Spider:2 | Killed Oravi's ghost
 46547 | Spider:3 | Noticed Agnes
 46618 | Spider:3 | Killed Agnes
 46668 | Spider:3 | Noticed Schimscham's ghost (adept GnWn)
 47299 | Spider:3 | Killed Schimscham's ghost
 47549 | Spider:4 | Entered Level 4 of the Spider Nest
 47733 | Spider:4 | Reached skill level 10 in Conjurations
 47733 | Spider:4 | Reached skill level 10 in Charms
 47733 | Spider:4 | Reached skill level 10 in Summonings
 47733 | Spider:4 | Reached skill level 10 in Necromancy
 47733 | Spider:4 | Reached skill level 10 in Translocations
 47733 | Spider:4 | Reached skill level 10 in Transmutations
 47733 | Spider:4 | Reached skill level 10 in Fire Magic
 47733 | Spider:4 | Reached skill level 10 in Ice Magic
 47733 | Spider:4 | Reached skill level 10 in Air Magic
 47733 | Spider:4 | Reached skill level 10 in Earth Magic
 47733 | Spider:4 | Reached skill level 10 in Poison Magic
 47992 | Spider:3 | Reached XP level 18. HP: 128/140 MP: 21/34
 50864 | Spider:4 | Got a gossamer rune of Zot
 51094 | Shoals:1 | Entered Level 1 of the Shoals
 53277 | Shoals:2 | Reached XP level 19. HP: 147/147 MP: 29/35
 53314 | Shoals:2 | Noticed Polyphemus
 53352 | Shoals:2 | Killed Polyphemus
 54342 | Shoals:3 | Noticed Mara
 54343 | Shoals:3 | Noticed Ivernyr's illusion
 54573 | Shoals:3 | Identified the +4 war axe "Bes Osim" {drain, Str+4 Stlth+}
 54764 | Shoals:3 | Noticed Ivernyr's illusion
 56172 | Shoals:4 | Entered Level 4 of the Shoals
 56351 | Shoals:4 | Learned a level 5 spell: Silence
 56887 | Shoals:4 | Noticed Ilsuiw
 56920 | Shoals:4 | Killed Ilsuiw
 57072 | Shoals:4 | Got a barnacled rune of Zot
 58220 | D:14     | Killed Frances
 58273 | Vaults:1 | Entered Level 1 of the Vaults
 58756 | Vaults:1 | Identified the cursed +0 trident of Ujatobb {vamp, Dex+4}
 58916 | Vaults:1 | Reached XP level 20. HP: 156/156 MP: 31/37
 59026 | Vaults:1 | Cast into level 3 of the Abyss (a wizard)
 59081 | Vaults:1 | Escaped the Abyss
 59808 | Vaults:1 | Identified the cursed +0 robe "Weacy" {rN+}
 60037 | Vaults:1 | Found Aleigi's Assorted Antiques.
 62758 | Vaults:3 | Reached XP level 21. HP: 164/164 MP: 34/38
 63204 | Vaults:3 | Found a staircase to the Crypt.
 64944 | Vaults:4 | Found Wooluh's Armour Emporium.
 64985 | Vaults:4 | Reached skill level 15 in Invocations
 65676 | Vaults:4 | Bought the +4 pair of boots "Teylun" {rC++ MP+9} for 1018 gold pieces
 66262 | Vaults:4 | Reached XP level 22. HP: 131/172 MP: 33/40
 68382 | Depths:1 | Entered Level 1 of the Depths
 68397 | D:15     | Learned a level 6 spell: Darkness
 68612 | Vaults:5 | Entered Level 5 of the Vaults
 68971 | Vaults:5 | Noticed a golden dragon
 69641 | Vaults:5 | Reached skill level 15 in Throwing
 69641 | Vaults:5 | Reached skill level 15 in Dodging
 69759 | Vaults:5 | HP: 4/173 [golden dragon/bolt of cold (49)]
 69858 | Vaults:5 | Identified the cursed +1 leather armour of Cing {rN++ Int-4} (You took it off an ironbrand convoker on level 5 of the Vaults)
 69915 | Vaults:5 | HP: 2/173 [stone giant/large rock (22)]
 70601 | Vaults:5 | Killed from afar by a shadow dragon

Skill      XL: |  1  2  3  4  5  6  7  8  9 10 11 12 13 14 15 16 17 18 19 20 21 22 |
---------------+-------------------------------------------------------------------+-----
Invocations    | 1 2 3 4 5 6 7 8 9 10 11 12 13 14 15 | 15.7
Short Blades   | 1 2 3 4 5 6 7 8 9 10 11 12 13 14 | 14.5
Long Blades    | 1 2 3 4 5 6 7 8 9 10 11 12 13 14 | 14.5
Axes           | 1 2 3 4 5 6 7 8 9 10 11 12 13 14 | 14.5
Maces & Flails | 1 2 3 4 5 6 7 8 9 10 11 12 13 14 | 14.5
Polearms       | 1 2 3 4 5 6 7 8 9 10 11 12 13 14 | 14.5
Staves         | 1 2 3 4 5 6 7 8 9 10 11 12 13 14 | 14.5
Slings         | 1 2 3 4 5 6 7 8 9 10 11 12 13 14 | 14.5
Bows           | 1 2 3 4 5 6 7 8 9 10 11 12 13 14 | 14.5
Crossbows      | 1 2 3 4 5 6 7 8 9 10 11 12 13 14 | 14.5
Armour         | 1 2 3 4 5 6 7 8 9 10 11 12 13 14 | 14.5
Stealth        | 1 2 3 4 5 6 7 8 9 10 11 12 13 14 | 14.5
Shields        | 1 2 3 4 5 6 7 8 9 10 11 12 13 14 | 14.5
Unarmed Combat | 1 2 3 4 5 6 7 8 9 10 11 12 13 14 | 14.5
Evocations     | 1 2 3 4 5 6 7 8 9 10 11 12 13 14 | 14.5
Spellcasting   | 3 4 5 6 7 8 9 10 11 12 13 14 | 14.8
Conjurations   | 1 2 3 4 5 6 7 8 9 10 11 12 | 12.5
Charms         | 1 2 3 4 5 6 7 8 9 10 11 12 | 12.5
Summonings     | 1 2 3 4 5 6 7 8 9 10 11 12 | 12.5
Necromancy     | 1 2 3 4 5 6 7 8 9 10 11 12 | 12.5
Translocations | 1 2 3 4 5 6 7 8 9 10 11 12 | 12.5
Transmutations | 1 2 3 4 5 6 7 8 9 10 11 12 | 12.5
Fire Magic     | 1 2 3 4 5 6 7 8 9 10 11 12 | 12.5
Ice Magic      | 1 2 3 4 5 6 7 8 9 10 11 12 | 12.5
Air Magic      | 1 2 3 4 5 6 7 8 9 10 11 12 | 12.5
Earth Magic    | 1 2 3 4 5 6 7 8 9 10 11 12 | 12.5
Poison Magic   | 1 2 3 4 5 6 7 8 9 10 11 12 | 12.5
Fighting       | 3 4 5 6 7 8 9 10 11 12 13 14 | 14.7
Throwing       | 5 6 7 8 9 10 11 12 13 14 15 | 15.1
Dodging        | 5 6 7 8 9 10 11 12 13 14 15 | 15.1
Hexes          | 6 7 8 9 10 11 12 13 | 13.5

Action                   |  1- 3 |  4- 6 |  7- 9 | 10-12 | 13-15 | 16-18 | 19-21 | 22-24 || total
-------------------------+-------+-------+-------+-------+-------+-------+-------+-------++-------
Melee: Unarmed           |    33 |       |       |       |       |       |       |       ||    33
       Dagger            |    57 |   202 |   357 |   517 |  1239 |  1132 |  1576 |   789 ||  5869
       Bite              |    19 |    21 |    92 |    93 |   241 |   198 |   348 |   218 ||  1230
       Short sword       |    68 |     6 |   165 |       |       |       |       |       ||   239
       Punch             |     2 |     3 |    16 |    34 |    50 |       |       |       ||   105
       Scimitar          |       |       |       |    14 |       |       |       |       ||    14
Throw: Javelin           |     1 |     5 |       |    14 |     5 |    13 |    10 |     1 ||    49
       Throwing net      |       |     1 |       |     4 |       |       |       |       ||     5
       Tomahawk          |       |       |       |    46 |    50 |   107 |       |       ||   203
 Cast: Corona            |    14 |    29 |    33 |    32 |    32 |    14 |     9 |     4 ||   167
       Portal Projectile |       |     1 |       |     3 |     1 |     4 |     1 |       ||    10
       Ensorcelled Hiber |       |       |       |   123 |   357 |   456 |   290 |    16 ||  1242
       Tukima's Dance    |       |       |       |     4 |     1 |       |       |       ||     5
       Ozocubu's Armour  |       |       |       |     4 |     5 |    26 |    26 |    19 ||    80
       Cause Fear        |       |       |       |     3 |     2 |       |       |       ||     5
       Mephitic Cloud    |       |       |       |       |     5 |    42 |   150 |    27 ||   224
       Dispel Undead     |       |       |       |       |    10 |     9 |     8 |     7 ||    34
       Blink             |       |       |       |       |       |    14 |       |     7 ||    21
       Petrify           |       |       |       |       |       |     1 |       |       ||     1
       Silence           |       |       |       |       |       |       |     1 |     3 ||     4
       Darkness          |       |       |       |       |       |       |       |    22 ||    22
Invok: Curse Item        |       |       |     3 |       |     3 |     4 |       |       ||    10
Evoke: Wand              |       |       |       |     4 |     8 |    17 |    16 |     9 ||    54
  Use: Scroll            |       |       |     8 |    14 |    12 |    22 |     4 |     6 ||    66
       Potion            |       |       |       |     1 |       |     4 |     1 |    11 ||    17
 Stab: Sleeping          |     3 |     6 |    14 |    76 |   228 |   292 |   153 |     8 ||   780
       Distracted        |       |       |     1 |       |       |     2 |    11 |     4 ||    18
       Confused          |       |       |       |       |     3 |    39 |   209 |    46 ||   297
       Paralysed         |       |       |       |       |       |     1 |       |       ||     1
       Invisible         |       |       |       |       |       |       |       |     3 ||     3
  Eat: Chunk             |     1 |    11 |    28 |    41 |    54 |    51 |    43 |    19 ||   248
       Ration            |       |       |     1 |       |       |       |       |       ||     1
Armor: Robe              |    31 |    11 |   112 |   120 |   211 |   239 |   186 |   126 ||  1036
       Scale mail        |       |    17 |       |       |       |       |       |       ||    17
Dodge: Dodged            |   103 |   120 |   368 |   516 |   902 |  1386 |  1134 |   472 ||  5001
Block: Buckler           |       |       |       |       |   146 |   980 |   873 |   355 ||  2354
       Rpst.: Scimitar   |       |       |       |     1 |       |       |       |       ||     1
